Map: Abyssal Reef LE

Players

ReiGn

  • Race: Protoss Protoss
  • Spawn Location: 11:00

Lillekanin - Winner!

  • Race: Terran Terran
  • Spawn Location: 5:00

Event: WCS Jonkoping 2017

VOD

Have the link to the VOD?

Description

Time

  • Played on: June 17, 2017, 6:50 a.m.
  • Length: 24:16

All games in this series

Show
View Real Time Build Order
Export as new Build Order

ReiGn Protoss 

Build Orders: 1 Gate Expand 

Get SALT Encoding   

  12  0:01  Probe (Chrono Boost)  
  13  0:11  Probe (Chrono Boost)  
  14  0:18  Pylon  
  14  0:22  Probe (Chrono Boost)  
  15  0:36  Probe (Chrono Boost)  
  15  0:37  Gateway  
  15  0:42  Assimilator  
  16  0:47  Probe (Chrono Boost)  
  17  0:57  Probe (Chrono Boost)  
  18  1:08  Probe (Chrono Boost)  
  20  1:18  Probe (Chrono Boost)  
  20  1:27  Nexus  
  20  1:32  Cybernetics Core  
  20  1:35  Probe (Chrono Boost)  
  21  1:51  Assimilator  
  21  1:52  Probe (Chrono Boost)  
  21  1:53  Pylon  
  22  2:02  Probe (Chrono Boost)  
  23  2:13  Mothership Core (Chrono Boost)  
  23  2:15  Adept  
  27  2:23  Warp Gate  
  27  2:27  Pylon  
  27  2:31  Probe (Chrono Boost)  
  28  2:40  Probe (Chrono Boost)  
  28  2:42  Probe (Chrono Boost)  
  28  2:44  Adept  
  33  2:51  Probe (Chrono Boost)  
  33  2:52  Probe (Chrono Boost)  
  33  2:55  Robotics Facility  
  34  3:02  Probe (Chrono Boost)  
  34  3:03  Probe (Chrono Boost)  
  36  3:13  Twilight Council  
  36  3:15  Probe (Chrono Boost)  
  36  3:17  Probe (Chrono Boost)  
  38  3:26  Probe (Chrono Boost)  
  39  3:27  Probe (Chrono Boost)  
  39  3:31  Gateway  
  40  3:35  Gateway  
  40  3:36  Probe (Chrono Boost)  
  40  3:38  Probe (Chrono Boost)  
  42  3:43  Observer  
  42  3:47  Probe (Chrono Boost), Assimilator  
  44  3:49  Assimilator  
  44  3:55  Probe (Chrono Boost)  
  41  4:06  Probe (Chrono Boost)  
  41  4:07  Observer  
  43  4:10  Probe (Chrono Boost)  
  43  4:12  Blink (Chrono Boost)  
  44  4:17  Probe  
  44  4:20  Probe  
  46  4:26  Pylon  
  46  4:29  Probe  
  46  4:31  Stalker x3  
  49  4:35  Observer  
  53  4:46  Probe x2  
  55  4:56  Probe  
  55  4:59  Forge, Probe  
  57  5:00  Forge  
  57  5:07  Probe  
  57  5:10  Observer  
  57  5:11  Probe  
  60  5:15  Pylon  
  60  5:17  Probe  
  60  5:23  Probe  
  60  5:28  Probe, Pylon  
  61  5:34  Stalker x3  
  68  5:41  Protoss Ground Weapons Level 1 (Chrono Boost)  
  68  5:44  Protoss Ground Armor Level 1 (Chrono Boost)  
  68  5:47  Immortal  
  72  6:00  Probe  
  72  6:02  Charge  
  72  6:12  Sentry  
  72  6:13  Sentry x2  
  78  6:20  Pylon, Nexus  
  78  6:24  Pylon  
  78  6:28  Pylon  
  78  6:35  Gateway  
  78  6:37  Gateway  
  78  6:38  Probe x2  
  80  6:50  Probe  
  81  6:55  Zealot x2  
  81  6:56  Zealot, Probe  
  81  7:01  Gateway  
  88  7:03  Probe  
  88  7:08  Templar Archives  
  89  7:15  Protoss Ground Weapons Level 2 (Chrono Boost), Probe, Protoss Ground Armor Level 2 (Chrono Boost)  
  90  7:16  Immortal  
  90  7:19  Probe  
  95  7:27  Probe  
  95  7:29  Photon Cannon  
  96  7:31  Probe  
  96  7:34  Psionic Storm  
  96  7:35  Probe  
  96  7:36  Zealot x3  
  103  7:39  Probe  
  103  7:41  Photon Cannon  
  103  7:43  Probe  
  106  7:50  High Templar x2  
  104  8:06  Probe x2  
  104  8:07  Probe  
  104  8:11  High Templar x2  
  111  8:18  Probe x2  
  111  8:19  Probe, Assimilator  
  114  8:23  Assimilator  
  114  8:30  Probe  
  114  8:31  Probe x2, Pylon  
  114  8:33  Pylon  
  117  8:34  Pylon  
  117  8:35  Pylon  
  117  8:37  Pylon x2  
  117  8:47  Stargate  
  117  8:48  Stargate  
  117  8:49  Probe x2  
  117  8:50  Probe, Immortal  
  124  8:57  High Templar  
  124  9:02  Probe x2  
  128  9:05  Stalker  
  128  9:07  Probe  
  130  9:11  Protoss Ground Weapons Level 3  
  130  9:12  Protoss Ground Armor Level 3  
  130  9:14  Probe  
  131  9:17  Stargate  
  131  9:25  Nexus  
  131  9:28  Warp Prism  
  129  9:40  Stalker  
  129  9:41  Stalker x3  
  136  9:48  Probe  
  137  9:54  Stalker x2  
  141  10:04  Fleet Beacon  
  141  10:06  Warp Prism  
  143  10:17  Pylon  
  143  10:20  Probe x2  
  145  10:26  Pylon  
  145  10:32  Pylon  
  144  10:41  Stargate  
  144  10:45  Stargate  
  140  11:09  Zealot x6  
  152  11:17  Assimilator  
  150  11:21  Assimilator  
  150  11:22  Carrier x2  
  150  11:24  Graviton Catapult (Chrono Boost)  
  158  11:25  Pylon  
  148  11:33  Zealot  
  148  11:34  Zealot x5  
  148  11:38  Carrier  
  148  11:39  Carrier  
  170  11:42  Protoss Air Weapons Level 1  
  160  12:10  Zealot x6  
  163  12:37  Stalker x2  
  163  12:43  Stalker x2  
  163  12:44  Stalker x2  
  141  13:03  High Templar x2  
  135  13:07  Carrier  
  135  13:08  Carrier x2  
  151  13:13  Probe  
  151  13:14  Probe x3  
  153  13:25  Zealot x3  
  149  13:38  Nexus  
  144  13:47  Probe  
  141  14:01  High Templar x3  
  141  14:02  Carrier, High Templar x3  
  159  14:06  Archon x2  
  159  14:21  Nexus  
  159  14:35  Zealot x3  
  165  14:45  Assimilator  
  165  14:49  Probe  
  162  15:03  Zealot  
  162  15:04  Zealot x5  
  171  15:25  Assimilator  
  159  15:35  Void Ray  
  159  15:36  Void Ray x2  
  159  15:38  Protoss Air Weapons Level 2, Nexus  
  164  16:10  Assimilator  
  162  16:13  High Templar  
  162  16:14  High Templar x5  
  162  16:15  Void Ray  
  162  16:16  Protoss Shields Level 1  
  162  16:18  Archon x3  
  178  16:20  Probe  
  178  16:22  Assimilator  
  178  16:24  Assimilator  
  174  16:46  Zealot x2  
  174  16:47  Zealot  
  180  16:56  Tempest x2  
  184  17:23  Stalker x2  
  184  17:26  Stalker  
  187  17:33  Probe  
  187  17:36  Probe  
  185  17:41  Void Ray x2  
  193  17:48  Pylon  
  193  18:03  Probe  
  190  18:20  Probe x2  
  191  18:29  Tempest, Void Ray  
  194  18:38  Probe  
  194  18:39  Probe x2  
  192  18:50  Probe  
  192  18:51  Probe  
  194  19:07  Zealot x3  
  200  19:23  Nexus  
  196  19:41  Probe x2  
  166  20:09  Tempest  
  166  20:12  Probe  
  173  20:16  Probe  
  174  20:26  Probe  
  169  21:04  Tempest  
  171  21:28  Photon Cannon  
  171  21:31  Probe  
  171  21:32  Probe  
  171  21:33  Probe x3  
  176  21:47  Probe  
  173  22:06  Probe  
  173  22:07  Probe x2  
  174  22:22  Probe x2  
  172  22:23  Probe x3  
  172  22:25  Pylon  
  163  22:45  Mothership Core  
  165  22:53  Tempest  
  165  22:55  Probe  
  165  22:56  Probe  
  165  22:57  Assimilator  
  173  22:59  Assimilator  
  185  23:25  Zealot  
  113  24:02  Stalker  
  61  24:03  Stalker x5  
Show
View Real Time Build Order
Export as new Build Order

Lillekanin Terran - Winner!

Build Orders: Mech 

Get SALT Encoding   

  12  0:00  SCV  
  13  0:13  SCV  
  14  0:17  Supply Depot  
  14  0:25  SCV  
  15  0:29  Refinery  
  15  0:39  SCV  
  16  0:45  Barracks  
  16  0:51  SCV  
  17  1:03  SCV  
  18  1:15  SCV  
  20  1:33  Orbital Command, Reaper  
  20  1:48  Command Center  
  19  1:59  Factory  
  19  2:03  SCV  
  19  2:08  Barracks Reactor  
  20  2:13  Refinery  
  20  2:16  SCV  
  20  2:22  Supply Depot  
  21  2:28  SCV  
  22  2:40  SCV  
  23  2:48  Starport  
  23  2:51  Hellion  
  23  2:53  Hellion  
  23  2:56  SCV  
  28  3:03  Orbital Command  
  28  3:09  SCV  
  29  3:14  Widow Mine  
  29  3:15  Widow Mine  
  33  3:21  SCV  
  34  3:28  Medivac  
  34  3:29  SCV  
  34  3:33  SCV  
  38  3:42  SCV  
  38  3:45  SCV, Supply Depot  
  38  3:46  Cyclone  
  42  3:53  Cyclone  
  45  3:59  SCV  
  45  4:02  SCV  
  45  4:06  Starport Tech Lab  
  43  4:11  SCV  
  43  4:14  SCV  
  45  4:17  Supply Depot  
  45  4:18  Marine  
  45  4:20  Cyclone  
  45  4:24  SCV  
  50  4:26  SCV  
  50  4:27  Supply Depot  
  50  4:28  Banshee  
  54  4:35  Supply Depot  
  54  4:39  SCV x2  
  54  4:45  Cloaking Field  
  52  4:51  SCV x2  
  54  4:54  Refinery  
  54  4:56  Hellion, Widow Mine  
  54  4:58  Marine  
  59  5:03  SCV x2  
  61  5:15  SCV x2  
  61  5:17  Hellion, Banshee  
  68  5:27  SCV x2  
  68  5:28  Command Center, Supply Depot  
  70  5:37  Barracks Tech Lab  
  70  5:39  SCV x2, Factory  
  72  5:45  Refinery  
  72  5:48  Cyclone  
  75  5:51  SCV x2  
  75  5:53  Supply Depot  
  77  5:57  Cyclone  
  77  6:03  SCV x2  
  82  6:14  Command Center  
  82  6:18  Factory, SCV  
  82  6:19  Barracks Reactor  
  82  6:20  SCV  
  84  6:30  Engineering Bay, Raven  
  84  6:31  SCV  
  87  6:34  SCV  
  87  6:37  Hellion x2  
  92  6:42  Armory  
  92  6:43  SCV  
  92  6:45  Orbital Command  
  93  6:49  SCV  
  94  6:55  Supply Depot  
  94  6:56  SCV  
  94  6:57  Supply Depot  
  94  7:00  Missile Turret  
  95  7:02  Siege Tank  
  98  7:09  Orbital Command  
  98  7:11  Hellion  
  98  7:12  Hellion  
  98  7:13  Factory  
  102  7:16  Banshee  
  102  7:19  SCV  
  106  7:25  SCV  
  107  7:31  SCV  
  107  7:32  Refinery  
  107  7:34  Siege Tank  
  107  7:36  SCV  
  112  7:37  SCV, Refinery  
  113  7:46  Hellion x3  
  113  7:48  SCV  
  120  7:55  SCV  
  120  7:57  SCV  
  120  7:59  Factory Tech Lab  
  120  8:04  Hellion  
  122  8:06  Siege Tank  
  122  8:08  Infernal Pre-Igniter  
  122  8:09  Hellion x2  
  122  8:10  SCV x2  
  131  8:15  Banshee  
  131  8:18  SCV  
  135  8:22  Missile Turret  
  135  8:24  Missile Turret  
  135  8:27  Supply Depot x2  
  135  8:28  Supply Depot, Terran Vehicle Weapons Level 1  
  135  8:31  Armory  
  135  8:32  Supply Depot  
  135  8:33  Missile Turret  
  135  8:34  Missile Turret  
  135  8:35  Missile Turret  
  135  8:38  Siege Tank  
  135  8:40  Supply Depot  
  138  8:42  SCV  
  138  8:43  Supply Depot  
  139  8:48  Siege Tank  
  139  8:49  Starport  
  139  8:50  Starport  
  139  8:51  Hellion  
  144  8:58  Hellion, Sensor Tower  
  144  8:59  Hellion x2  
  149  9:10  Siege Tank  
  149  9:12  Hellion  
  149  9:13  SCV  
  149  9:16  Banshee  
  158  9:20  Siege Tank  
  158  9:21  Hellion x3  
  162  9:31  Terran Vehicle And Ship Armor Level 1  
  162  9:34  Hellion  
  164  9:42  Hellion, Siege Tank, Planetary Fortress  
  165  9:46  Hellion x2  
  165  9:49  Starport Tech Lab  
  165  9:50  Starport Tech Lab  
  167  9:53  Siege Tank  
  167  9:56  Missile Turret  
  167  9:57  Refinery  
  167  9:59  Refinery  
  170  10:01  Missile Turret  
  170  10:10  SCV x2  
  170  10:12  Sensor Tower  
  172  10:14  Thor  
  172  10:20  Missile Turret  
  178  10:22  Starport  
  178  10:25  Siege Tank  
  178  10:26  Hellion x2  
  178  10:27  Fusion Core  
  185  10:37  Missile Turret  
  185  10:38  Missile Turret  
  181  10:51  Terran Vehicle Weapons Level 2  
  181  10:56  Missile Turret  
  181  10:57  Thor, Missile Turret, Viking x2  
  183  11:10  Supply Depot, Command Center  
  183  11:14  Supply Depot  
  183  11:15  Starport Tech Lab  
  187  11:18  Hellion x2  
  187  11:20  Hellion  
  188  11:27  Hellion  
  188  11:31  Thor, Banshee  
  188  11:32  Banshee  
  196  11:36  Viking  
  196  11:39  Terran Vehicle And Ship Armor Level 2  
  198  11:46  Supply Depot  
  198  12:06  Viking  
  189  12:14  Viking  
  187  12:18  Battlecruiser  
  185  12:36  Thor, Battlecruiser  
  185  12:37  Thor  
  183  12:44  Battlecruiser  
  169  13:02  Widow Mine  
  169  13:03  Widow Mine x3  
  177  13:11  SCV x2  
  170  13:19  Thor, Widow Mine  
  165  13:22  Viking  
  166  13:28  SCV  
  166  13:29  SCV x2  
  166  13:31  Widow Mine x3  
  172  13:39  SCV  
  172  13:40  SCV  
  172  13:41  SCV x2, Battlecruiser  
  179  13:48  Planetary Fortress  
  179  13:49  Widow Mine  
  179  13:51  SCV  
  179  13:53  SCV  
  179  13:54  Terran Ship Weapons Level 1  
  179  13:55  Widow Mine  
  174  13:59  Widow Mine  
  169  14:07  Missile Turret  
  169  14:09  Missile Turret  
  169  14:11  Missile Turret  
  169  14:12  Widow Mine  
  171  14:21  Weapon Refit  
  171  14:22  Terran Vehicle And Ship Armor Level 3  
  167  14:29  Missile Turret  
  167  14:31  Missile Turret, Widow Mine x2  
  171  14:38  Missile Turret  
  171  14:40  Refinery, Missile Turret  
  171  14:42  Refinery  
  170  14:51  Missile Turret, Widow Mine  
  163  15:02  Widow Mine, Battlecruiser  
  168  15:07  Widow Mine  
  152  15:17  SCV x2  
  152  15:18  SCV x3  
  150  15:29  SCV  
  150  15:32  Widow Mine x2  
  156  15:35  SCV  
  156  15:36  SCV  
  157  15:50  Missile Turret  
  157  15:51  SCV x2  
  157  15:52  Missile Turret  
  159  16:02  Widow Mine x2  
  145  16:04  Drilling Claws  
  145  16:06  SCV  
  145  16:09  SCV  
  145  16:10  SCV  
  148  16:11  SCV  
  149  16:18  Terran Ship Weapons Level 2  
  149  16:27  SCV x2  
  151  16:38  Battlecruiser  
  155  16:43  SCV x3  
  155  16:44  SCV x2  
  166  16:54  Battlecruiser  
  166  17:03  Battlecruiser  
  162  17:28  SCV  
  161  17:40  Starport x2  
  161  17:42  Viking  
  163  17:46  Refinery  
  163  17:48  Missile Turret, Viking  
  165  17:53  Missile Turret  
  165  17:58  Viking  
  155  18:07  Battlecruiser  
  155  18:10  SCV x2  
  155  18:11  SCV  
  155  18:12  Battlecruiser  
  168  18:16  Widow Mine  
  168  18:19  SCV  
  168  18:20  SCV  
  168  18:24  SCV x2  
  167  18:36  Missile Turret  
  167  18:42  Widow Mine x2  
  167  18:44  SCV x2  
  170  18:48  Starport Tech Lab x2  
  161  19:07  Battlecruiser  
  167  19:12  SCV x2  
  168  19:20  Raven  
  168  19:22  Orbital Command  
  169  19:36  Refinery x2  
  169  19:38  SCV x2  
  171  19:43  Raven  
  171  19:49  Raven  
  171  19:51  Supply Depot  
  167  19:53  Supply Depot  
  144  20:07  SCV  
  144  20:08  SCV x3  
  148  20:17  Missile Turret  
  148  20:19  SCV  
  148  20:20  SCV x3  
  152  20:32  SCV x4, Corvid Reactor  
  156  20:36  Terran Ship Weapons Level 3  
  156  20:44  SCV x4  
  156  20:51  Viking  
  156  20:54  Battlecruiser  
  156  20:56  SCV  
  156  21:06  SCV x2  
  158  21:18  SCV  
  159  21:19  Orbital Command  
  159  21:21  SCV  
  159  21:25  Recalibrated Explosives  
  160  21:26  Raven  
  160  21:27  SCV  
  161  21:33  Missile Turret  
  159  21:43  SCV x3  
  161  21:49  Refinery  
  161  21:55  SCV x2  
  163  22:04  Battlecruiser  
  167  22:16  SCV x2  
  167  22:17  SCV x2  
  171  22:24  Missile Turret  
  171  22:28  SCV  
  171  22:29  SCV x3  
  166  22:40  SCV  
  166  22:41  SCV x2  
  169  22:49  Battlecruiser  
  175  22:55  Refinery  
  175  22:57  Refinery, Widow Mine x2  
  179  23:23  Supply Depot  
  179  23:24  Supply Depot  
  179  23:30  Sensor Tower  
  179  24:12  Command Center  
Tags
 
Add a new tag
Caveats
  • Supply blocks, unpowered buildings, or Contaminate may cause inaccurate times.
  • Supply counts are checked every 10 seconds.